 Dungeon Crawl Stone Soup version 0.30-b1-2-g02819fbbbe (webtiles) character file.

Game seed: 14235110786752526508

28 Yerrow the Ruffian (level 3, 36/36 HPs)
             Began as a Troll Berserker on Nov 26, 2023.
             Was a Follower of Trog.
             Got out of the dungeon alive.
             The game lasted 00:04:30 (812 turns).

Yerrow the Ruffian (Troll Berserker)                 Turns: 812, Time: 00:04:31

Health: 36/36      AC:  4    Str: 27    XL:     3   Next: 0%
Magic:  2/2        EV: 10    Int:  3    God:    Trog [*.....]
Gold:   39         SH:  0    Dex:  9    Spells: 2/2 levels left

rFire   . .          .
                       - Unarmed
rCold   . . .        (no shield)
rNeg    . . .        a - +0 animal skin
rPois   .            (helmet restricted)
rElec   .            (no cloak)
rCorr   .            (gloves unavailable)
SInv    +            (boots unavailable)
Will    .....        (no amulet)
Stlth   +            f - ring of see invisible
HPRegen 1.06/turn    (no ring)
MPRegen 0.08/turn

%: no passive effects
@: no status effects
A: large, unfitting armour, claws 3, regeneration 1, shaggy fur 1, tough skin 1
a: Renounce Religion, Berserk


You escaped.
You worshipped Trog.
Trog was aware of your devotion.
You visited 1 branch of the dungeon, and saw 1 of its levels.

You collected 39 gold pieces.

Inventory:

Armour
 a - a +0 animal skin (worn)
Jewellery
 f - a ring of see invisible (left claw)
Scrolls
 b - 2 scrolls of identify {unknown}
 e - a scroll of enchant armour {unknown}
 g - a scroll of magic mapping {unknown}
Potions
 c - a potion of brilliance {unknown}
 d - a potion of berserk rage {unknown}


   Skills:
 + Level 2.7 Fighting
 - Level 2.5 Dodging
 + Level 3.7 Unarmed Combat


You had 2 spell levels left.
You didn't know any spells.
Your spell library was empty.

Dungeon Overview and Level Annotations

Branches:
Dungeon (1/15)

Altars:

Shops:
D:1 ![


Innate Abilities, Weirdness & Mutations

You are too large for most types of armour.
You have claws for hands.
Your natural rate of healing is unusually fast.
You are covered in fur. (AC +1)
You have tough skin. (AC +1)


Message History

You scratch the endoplasm.
The endoplasm is moderately wounded.
The endoplasm freezes you.
You are frozen.
You claw the endoplasm!
You kill the endoplasm!
Trog accepts your kill.
You have reached level 3!
Your experience leads to an increase in your attributes!
Increase (S)trength, (I)ntelligence, or (D)exterity?
You feel stronger. x3
You see here a rat corpse.
There is a large open door here.
There is a large open door here.
There is an open door here.
You see here a +0 dagger.
There is an open door here.
There is an open door here.
There is an open door here.
You open the door.
There is an open door here.
Done exploring.
Done exploring.
Done exploring.
Done exploring.
There is an open door here.
You can't go down here!
You can't go down here!
Done exploring.
You can't go up here!
You can't go down here!
There is a staircase leading out of the dungeon here.
Are you sure you want to leave the Dungeon?
This will make you lose the game!
Alright, then stay!
Are you sure you want to leave the Dungeon?
This will make you lose the game!
Uppercase [Y]es or [N]o only, please.
Are you sure you want to leave the Dungeon?
This will make you lose the game!
Uppercase [Y]es or [N]o only, please.
Are you sure you want to leave the Dungeon?
This will make you lose the game!
You have escaped!

#...>.'...###########...........
#.....#####.........###########.
#.....##...####'####...## #.
##.####.#### #...# ####.## ##.
#.# #.## #...# ##.# ###..
#.###.#### ###'########.###...#
#.##.##~.###.....##..~##.#..###
#.##.#≈~..#.......#..~≈#.#.##
#....#≈~..'...@...'..≈≈#...#
####.#≈~..#.......#..~≈#.###
#.##~.###.....##..~##.# ##.####
###+########.## #.## #...# ##.#
##.#### #...# ####.##
##...####'####...##
####.........#### ###########


There were no monsters in sight!

Vanquished Creatures
  3 dart slugs (D:1)
  An endoplasm (D:1)
  A giant cockroach (D:1)
  2 goblins (D:1)
  2 hobgoblins (D:1)
  3 jackals (D:1)
  A ball python (D:1)
  A bat (D:1)
  A frilled lizard (D:1)
  2 kobolds (D:1)
  5 rats (D:1)
22 creatures vanquished.

Notes
Turn   | Place    | Note
-------+----------+-------------------------------------------
     0 | D:1      | Yerrow the Troll Berserker began the quest for the Orb.
     0 | D:1      | Reached XP level 1. HP: 22/22 MP: 0/0
    65 | D:1      | Found Kuruiz's Antique Armour Shoppe.
   140 | D:1      | Found Zonyiloe's Distillery.
   167 | D:1      | Reached XP level 2. HP: 29/29 MP: 1/1
   696 | D:1      | Reached XP level 3. HP: 31/36 MP: 2/2
   812 | D:$      | Got out of the dungeon alive.

Illustrated notes

Levels and vault maps discovered:
D:1:      dpeg_arrival_another_circle, layout_basic, serial_shops,
          nicolae_shop_hallway_stairs, shop, minmay_statues_item

Action                     || total
---------------------------++-------
  Melee: Unarmed           ||    63
 Invoke: Berserk           ||     1
   Stab: Sleeping          ||     1
 Armour: Animal skin       ||    29
  Dodge: Dodged            ||    28
